 Dungeon Crawl Stone Soup version 0.29.1-2-gbd0b4ee654 (webtiles) character file.

Game seed: 17541412225438384497

79 GorkyZ the Magician (level 4, -1/25 HPs)
             Began as a Deep Elf Air Elementalist on Nov 17, 2022.
             Slain by a goblin
             ... wielding a +0 club
             ... led by Robin
              (5 damage)
             ... on level 3 of the Dungeon.
             The game lasted 00:16:15 (1782 turns).

GorkyZ the Magician (Deep Elf Air Elementalist)     Turns: 1782, Time: 00:16:15

Health: -1/25      AC:  3    Str:  5    XL:     4   Next: 17%
Magic:  2/11       EV: 17    Int: 22    God:
Gold:   88         SH:  0    Dex: 15    Spells: 9/10 levels left

rFire   . . .      SeeInvis .   q - staff of air
rCold   . . .      Faith    .   (no shield)
rNeg    . . .      Spirit   .   a - +0 robe
rPois   .          Reflect  .   (no helmet)
rElec   +          Harm     .   (no cloak)
rCorr   .          Rampage  .   (no gloves)
Will    .....                   m - +0 pair of boots
Stlth   ++........              (no amulet)
HPRegen 0.08/turn               h - +4 ring of evasion
MPRegen 0.12/turn               (no ring)

@: no status effects
A: no striking features
a: no special abilities


You were on level 3 of the Dungeon.
You visited 1 branch of the dungeon, and saw 3 of its levels.

You collected 88 gold pieces.

Inventory:

Hand Weapons
 d - a +0 dagger
Armour
 a - a +0 robe (worn)
 g - a +2 helmet
 m - a +0 pair of boots (worn)
Magical Staves
 n - a staff of earth
 q - a staff of air (weapon)
Jewellery
 h - a +4 ring of evasion (left hand)
 s - a ring of ice
Scrolls
 c - 2 scrolls of enchant armour {unknown}
 e - a scroll of identify {unknown}
 i - 2 scrolls of torment {unknown}
 j - 3 scrolls of teleportation {unknown}
 l - a scroll of fear {unknown}
 o - a scroll of poison {unknown}
 p - 2 scrolls of noise {unknown}
Potions
 f - a potion of attraction {unknown}
 k - 3 potions of curing {unknown}
 r - a potion of resistance {unknown}
 t - a potion of mutation {unknown}
 u - a potion of might {unknown}


   Skills:
 + Level 1.2 Fighting
 + Level 0.8 Staves
 + Level 3.1 Dodging
 - Level 2.4 Stealth
 + Level 3.7 Spellcasting
 + Level 2.0 Conjurations
 + Level 3.4 Air Magic


You had 9 spell levels left.
You knew the following spells:

 Your Spells              Type           Power      Damage    Failure   Level
a - Shock                 Conj/Air       96%        1d9       3%          1

Your spell library contained the following spells:

 Spells                   Type           Power      Damage    Failure   Level
 Static Discharge         Conj/Air       24%        3-6/arc   5%          2
 Swiftness                Air            28%        N/A       9%          3
 Stone Arrow              Conj/Erth      16%        3d8       22%         3
 Airstrike                Air            14%        2d(2-18)  28%         4
 Confusing Touch          Hex            4%         N/A       34%         3
 Portal Projectile        Hex/Tloc       8%         N/A       34%         3
 Tukima's Dance           Hex            4%         N/A       34%         3
 Animate Armour           Summ/Erth      8%         N/A       75%         4
 Blade Hands              Tmut           2%         N/A       97%         5
 Yara's Violent Unravell  Hex/Tmut       2%         3d3       97%         5
 Enfeeble                 Hex            2%         N/A       100%        7
 Lehudib's Crystal Spear  Conj/Erth      4%         10d3      100%        8


Dungeon Overview and Level Annotations

Branches:
Dungeon (3/15)

Altars:
Wu Jian

Shops:
D:2 !


Message History

Robin is severely wounded.
The zap hits the hobgoblin.
The hobgoblin is severely wounded.
The zap misses the hobgoblin.
The zap hits the goblin.
You kill the goblin!
Robin throws the goblin at you!
Unknown command.
Unknown command.
Aiming: Shock (safe; 4% risk of failure)
Press: ? - help, Q - select action Shift-Dir - straight line You feel a surge of power!
The zap hits Robin.
Robin is almost dead.
The zap hits the hobgoblin!
You kill the hobgoblin!
The goblin completely misses you. Robin hits you but does no damage.
You have reached level 4!
You feel clever.
Unknown command.
Unknown command.
Aiming: Shock (safe; 3% risk of failure)
Press: ? - help, Q - select action Shift-Dir - straight line You feel a surge of power!
The zap hits Robin!
You kill Robin!
The goblin misses you.
Your Conjurations skill increases to level 2!
Unknown command.
Aiming: Shock (safe; 3% risk of failure)
Press: ? - help, Q - select action Shift-Dir - straight line You feel a surge of power!
The zap hits the goblin.
You kill the goblin!
The goblin hits you with a +0 club.
* * * LOW HITPOINT WARNING * * *
You closely miss the goblin. The goblin hits you with a +0 club.
* * * LOW HITPOINT WARNING * * *
You completely miss the goblin. The goblin barely misses you.
You closely miss the goblin. The goblin barely misses you.
You hit the goblin but do no damage. The goblin closely misses you.
A giant cockroach comes into view.
The goblin hits you with a +0 club.
You die...

g##.#....
..#.#....
#).....).
#.....>.#
........#
#...)..#
#..B.>.###
.##).)#####
.###))@g.#
..#####.# #.#
#.# #<## #.###
#..####...###
##....###..†#
####....##.####
#†.##.......#
#..####......#


You could see a giant cockroach (wandering) and a goblin (strong).

Vanquished Creatures
  Robin (D:3)
  2 adders
  A dart slug (D:1)
  6 bats
  2 endoplasms
  8 goblins
  8 hobgoblins
  4 ball pythons
  4 frilled lizards
  6 kobolds
  7 rats
49 creatures vanquished.

Notes
Turn   | Place    | Note
-------+----------+-------------------------------------------
     0 | D:1      | GorkyZ the Deep Elf Air Elementalist began the quest for
                  | the Orb.
     0 | D:1      | Reached XP level 1. HP: 10/10 MP: 6/6
   312 | D:1      | Reached XP level 2. HP: 16/16 MP: 4/8
  1007 | D:2      | Found Paiklete's Distillery.
  1073 | D:2      | Reached XP level 3. HP: 18/20 MP: 4/9
  1281 | D:2      | Found an ornate altar of the Wu Jian Council.
  1327 | D:2      | Found a faded altar of an unknown god.
  1660 | D:3      | Reached skill level 1 in Fighting
  1752 | D:3      | Noticed Robin
  1777 | D:3      | Reached XP level 4. HP: 12/25 MP: 3/11
  1777 | D:3      | Killed Robin
  1782 | D:3      | Slain by a goblin

Illustrated notes

Levels and vault maps discovered:
D:1:      ebering_trefoil_twist, layout_loops_ring, hangedman_decor_lopped
D:2:      layout_rooms, serial_shops, shop, basic_altar,
          nicolae_ecumenical_lake_church
D:3:      layout_rooms, uniq_robin

Skill      XL: |  1  2  3  4 |
---------------+-------------+-----
Fighting       | 1 |  1.2
Dodging        | 3 |  3.1
Conjurations   | 2 |  2.0
Staves         | |  0.8
Stealth        | |  2.4
Spellcasting   | |  3.7
Air Magic      | |  3.4

Action                   |  1- 3 |  4- 6 || total
-------------------------+-------+-------++-------
Melee: Dagger            |     9 |       ||     9
       Staff             |    24 |     4 ||    28
 Cast: Shock             |    83 |     2 ||    85
  Use: Potion            |     1 |       ||     1
Armor: Robe              |     6 |       ||     6
Dodge: Dodged            |    47 |     4 ||    51
